 Dungeon Crawl Stone Soup version 0.22.1-1-ga44c0e56f4 (webtiles) character file.

1789 Knicklaso the Carver (level 8, -4/73 HPs)
             Began as a Purple Draconian Monk on Oct 2, 2018.
             Slain by Harold
             ... wielding a cursed -3 hand axe
              (20 damage)
             ... on level 7 of the Dungeon.
             The game lasted 00:20:21 (9526 turns).

Knicklaso the Carver (Purple Draconian Monk)        Turns: 9526, Time: 00:20:22

Health: -4/73      AC:  9    Str: 13 (14) XL:     8   Next: 82%
Magic:  8/8        EV: 15    Int: 12 (15) God:
Gold:   201        SH:  0    Dex: 13 (16) Spells: 7/7 levels left

rFire    . . .     SeeInvis .   a - +0 falchion
rCold    . . .     Gourm    .   (no shield)
rNeg     . . .     Faith    .   (armour unavailable)
rPois    .         Spirit   .   (helmet restricted)
rElec    .         Reflect  .   j - +0 cloak
rCorr    .         Harm     .   y - +0 pair of gloves
MR       +....                  t - +0 pair of boots (curse)
Stlth    ++........             (no amulet)
HPRegen  0.22/turn              (no ring)
MPRegen  0.11/turn              (no ring)

@: brilliant, short of breath, flying, drained
A: breathe power, unfitting armour, cold-blooded, AC +6
a: Breathe Dispelling Energy


You were on level 7 of the Dungeon.
You were not hungry.

You visited 2 branches of the dungeon, and saw 8 of its levels.

You collected 396 gold pieces.
You spent 195 gold pieces at shops.

Inventory:

Hand Weapons
 a - a +0 falchion (weapon)
 b - a +0 hunting sling
 p - a +2 morningstar of holy wrath
Missiles
 c - 167 stones (quivered)
Armour
 j - a +0 cloak (worn)
 l - a scarf of cloud immunity
 t - a cursed +0 pair of boots (worn)
 y - a +0 pair of gloves (worn)
Jewellery
 g - an uncursed ring of ice {unknown}
 q - a +3 ring of evasion {unknown}
 s - an uncursed ring of wizardry {unknown}
Wands
 w - a wand of flame (19)
 B - a wand of iceblast (11)
Scrolls
 d - 9 scrolls of remove curse {unknown}
 f - 4 scrolls of magic mapping {unknown}
 h - 2 scrolls of enchant armour {unknown}
 i - 8 scrolls of identify {unknown}
 m - a scroll of immolation {unknown}
 r - 2 scrolls of enchant weapon {unknown}
 v - 2 scrolls of teleportation {unknown}
 x - a scroll of amnesia {unknown}
 z - a scroll of fear {unknown}
 C - a scroll of fog {unknown}
 D - a scroll of acquirement {unknown}
Potions
 n - 4 potions of curing
 E - a potion of degeneration
Comestibles
 k - a chunk of flesh
 u - 9 rations


   Skills:
 + Level 7.0(6.9) Fighting
 * Level 8.7(8.6) Long Blades
 + Level 5.8(5.7) Dodging
 - Level 1.7(1.6) Stealth


You had 7 spell levels left.
You didn't know any spells.
Your spell library was empty.

Dungeon Overview and Level Annotations

Branches:
Dungeon (7/15)             Temple (1/1) D:5

Altars:
Cheibriados
Dithmenos
Fedhas
Gozag
Hepliaklqana
Kikubaaqudgha
Makhleb
Qazlal
Ru
Sif Muna
Trog
Uskayaw
Vehumet
Xom
Zin

Shops:
D:6 }

Annotations:
D:7 Harold


Innate Abilities, Weirdness & Mutations

You can breathe bolts of dispelling energy.
Your rich purple scales are hard. (AC +6)
You cannot fit into any form of body armour.
You are cold-blooded and may be slowed by cold attacks.


Message History

Something hits you.
* * * LOW HITPOINT WARNING * * *
Harold closely misses you.
You closely miss Harold.
Your tail-slap misses Harold.
Harold is lightly wounded.
You hear some strange, mumbled words.
A magic dart appears from out of thin air!
The magic dart hits you!
* * * LOW HITPOINT WARNING * * *
You hit Harold.
Harold is lightly wounded.
Harold closely misses you.
You riposte.
You hit Harold.
Harold is moderately wounded.
Something hits you but does no damage.
You hit Harold.
Harold is moderately wounded.
An orc comes into view. It is wielding a falchion.
Harold pauses a moment, imagining something with a smile on his face.
Harold hits you with a hand axe!!
You die...

##### ..... ###.
#. #. ## # #
##.##(####o#####
####
......@@(oo.....
.....
.#########.#####
##### #


You could see Harold, an orc wizard and 2 orcs.

Vanquished Creatures
  A hippogriff (D:6)
  A phantom (D:6)
  2 ogres
  A centaur (D:5)
  Blork the orc (D:5)
  2 bullfrogs
  3 scorpions (D:4)
  4 wights
  4 crimson imps
  2 bullfrog skeletons
  A centaur zombie (D:5)
  2 hounds
  Crazy Yiuf (D:5)
  2 orc priests (D:4)
  2 iguanas
  An orc wizard (D:4)
  2 worker ants
  2 worker ant zombies
  A howler monkey skeleton (D:7)
  9 adders
  A shadow imp (D:5)
  3 oozes
  An adder skeleton (D:4)
  4 dart slugs
  4 leopard geckos
  11 orcs
  2 ball pythons
  5 giant cockroaches
  15 goblins
  12 hobgoblins
  3 jackals (D:1)
  7 kobolds
  4 quokkas
  7 bats
  5 frilled lizards
  A leopard gecko skeleton (D:6)
  2 leopard gecko zombies
  10 rats
141 creatures vanquished.

Notes
Turn   | Place    | Note
-------+----------+-------------------------------------------
     0 | D:1      | Knicklaso the Draconian Monk began the quest for the Orb.
     0 | D:1      | Reached XP level 1. HP: 19/19 MP: 1/1
   249 | D:1      | Reached XP level 2. HP: 26/26 MP: 2/2
  1174 | D:1      | Reached XP level 3. HP: 33/33 MP: 3/3
  1779 | D:2      | Reached skill level 4 in Long Blades
  1857 | D:2      | Found a shadowy altar of Dithmenos.
  2131 | D:2      | Reached XP level 4. HP: 40/40 MP: 4/4
  2665 | D:3      | Reached XP level 5. HP: 27/46 MP: 5/5
  2783 | D:3      | Found an ancient bone altar of Kikubaaqudgha.
  2787 | D:3      | Found a blossoming altar of Fedhas.
  2849 | D:3      | Found a hazy altar of Hepliaklqana.
  2896 | D:4      | Noticed an ogre
  3145 | D:3      | Killed an ogre
  3145 | D:3      | Reached skill level 5 in Long Blades
  3341 | D:4      | Reached XP level 6. HP: 41/53 MP: 6/6
  3874 | D:4      | Reached skill level 5 in Fighting
  4058 | D:4      | Reached skill level 6 in Long Blades
  4148 | D:4      | Noticed Blork the orc
  4781 | D:4      | Your scales start taking on a rich purple colour.
  4781 | D:4      | Reached XP level 7. HP: 44/61 MP: 7/7
  4912 | D:4      | Found an opulent altar of Gozag.
  5479 | D:5      | Entered Level 5 of the Dungeon
  6125 | D:5      | Found a staircase to the Ecumenical Temple.
  6162 | Temple   | Entered the Ecumenical Temple
  6748 | D:6      | HP: 2/62 [phantom (5)]
  6754 | D:6      | Reached skill level 7 in Long Blades
  7020 | D:5      | Killed Blork the orc
  7075 | D:5      | Reached skill level 5 in Dodging
  7075 | D:5      | Reached XP level 8. HP: 67/70 MP: 8/8
  7474 | D:5      | Found a runed door.
  7745 | D:5      | Noticed Crazy Yiuf
  7758 | D:5      | Killed Crazy Yiuf
  8199 | D:6      | Reached skill level 8 in Long Blades
  8239 | D:6      | Found a shimmering altar of Xom.
  8651 | D:6      | Noticed a hippogriff
  8660 | D:6      | Killed a hippogriff
  8779 | D:6      | Found Ucoew's Gadget Shoppe.
  8785 | D:6      | Bought a wand of iceblast (11) for 195 gold pieces
  9502 | D:7      | Noticed Harold
  9526 | D:7      | Slain by Harold

Skill      XL: |  1  2  3  4  5  6  7  8 |
---------------+-------------------------+-----
Dodging        | 3 4 5 |  5.8
Long Blades    | 4 5 6 7 8 |  8.7
Fighting       | 4 5 6 7 |  7.0
Stealth        | |  1.7

Action                   |  1- 3 |  4- 6 |  7- 9 || total
-------------------------+-------+-------+-------++-------
Melee: Falchion          |   100 |   213 |   303 ||   616
       Tailslap          |    17 |    36 |    52 ||   105
 Fire: Hunting sling     |       |       |    60 ||    60
Throw: Stone             |     6 |    39 |     8 ||    53
 Abil: Breathe Dispellin |       |       |     1 ||     1
Evoke: Wand              |       |       |     5 ||     5
  Use: Potion            |       |       |     7 ||     7
 Stab: Sleeping          |     5 |     1 |       ||     6
       Distracted        |       |     1 |       ||     1
  Eat: Chunk             |     4 |     5 |    12 ||    21
       Ration            |       |     1 |     1 ||     2
Armor: Skin              |    30 |    59 |    66 ||   155
Dodge: Dodged            |    64 |   128 |   180 ||   372
       Rpst.: Falchion   |    30 |    31 |    56 ||   117
